 Zot Defence DCSS version 0.15.2 (webtiles) character file.

3071 UristPineapples the Hoplite (level 10, -9/80 (83) HPs)
             Began as a Formicid Fighter on Oct 14, 2015.
             Was an Initiate of Cheibriados.
             Mangled by a slime creature (14 damage)
             ... in the Realm of Zot (Scenario V: Glassed Sandwich).
             The game lasted 00:27:17 (1639 turns).

UristPineapples the Hoplite (Formicid Fighter)      Turns: 1639, Time: 00:27:17

HP  -9/80 (83)   AC  7     Str 23      XL: 10   Next: 12%
MP  13/13        EV  9     Int 10      God: Cheibriados [......]
Gold 0           SH 12     Dex 12      Spells:  0 memorised,  9 levels left

rFire  . . .     SeeInvis +     g - +0 battleaxe
rCold  . . .     Clarity  .     b - +0 scale mail
rNeg   . . .     rCorr    .     c - +0 shield
rPois  .         rRot     .     (helmet unavailable)
rElec  .         Spirit   .     (no cloak)
SustAb .         Warding  .     (no gloves)
rMut   .         Stasis   +     (no boots)
Gourm  .                        (no amulet)
MR     +....                    (no ring)
                                (no ring)

@: very slow, somewhat resistant to hostile enchantments, extremely unstealthy
A: permanent stasis, dig shafts and tunnels, four strong arms, antennae 3
a: Make oklob sapling, Make arrow trap, Make plant, Remove Curse, Make burning
bush, Make altar, Make grenades, Make oklob plant, Make net trap, Make ice
statue, Make spear trap, Dig, Bend Time, Renounce Religion


You were in the Realm of Zot.
You worshipped Cheibriados.
Cheibriados was noncommittal.
You were not hungry.

You visited 1 branch

Inventory:

Hand weapons
 g - a +0 battleaxe (weapon)
Armour
 b - a +0 scale mail (worn)
 c - a +0 shield (worn)
Comestibles
 f - a bread ration
Potions
 d - 2 potions of curing
 e - a potion of might
 i - 2 potions of magic


   Skills:
 + Level 9.4 Fighting
 - Level 5.3 Axes
 - Level 7.1 Armour
 * Level 9.8 Shields


You had 9 spell levels left.
You didn't know any spells.

Dungeon Overview and Level Annotations

Branches:
    Zot (1/1)

Altars:
Cheibriados


Innate Abilities, Weirdness & Mutations

Your are under a permanent stasis effect.
You can dig through walls and to a lower floor.
Your four strong arms can wield two-handed weapons with a shield.
You have a pair of large antennae on your head (SInv).


Message History

You hit the slime creature.
You kill the slime creature!
Cheibriados thoroughly appreciates the change of pace.
You hit the slime creature.
The slime creature is severely wounded.
Your oklob sapling spits acid at the slime creature.
The splash of acid hits the slime creature.
You block the slime creature's attack.
The slime creature hits you but does no damage.
Your oklob plant spits acid at the slime creature.
The splash of acid hits the slime creature.
A slime creature and a boggart come into view.
You slash the slime creature!
The slime creature is severely wounded.
You hit the slime creature.
The slime creature is almost dead.
You block the slime creature's attack. The slime creature hits you!
* * * LOW HITPOINT WARNING * * *
The slime creature hits you!
You die...

▓▓▓▓▓▓▓▓▓▓▓▓▓▓▓▓▓▓▓▓▓▓▓▓▓▓▓▓▓▓▓▓▓
.............J.).J.).............
..............▓▓^▓▓..............
.............▓▓^P^▓▓.............
............▓▓PP^PP▓▓............
...........▓▓P.(P()P▓▓...........
..........▓▓..%PPP)..▓▓..........
▓▓▓▓▓▓▓▓▓▓▓P)).(P)%.%P▓▓▓▓▓▓▓▓▓▓▓
∆∆∆::$$▓▓▓▓▓▓▓▓%@.▓▓▓▓▓▓▓▓▓$?$∆∆∆
▓▓▓▓▓▓▓▓▓▓▓P...JJJ..)P▓▓▓▓▓▓▓▓▓▓▓
..........▓▓.)..)....▓▓..........
...........▓▓.)(P)).▓▓...........
............▓▓P.^PP▓▓............
.............▓▓^P^▓▓.............
..............▓▓^▓▓..............
...............^.^.g.............
▓▓▓▓▓▓▓▓▓▓▓▓▓▓▓▓▓▓▓▓▓▓▓▓▓▓▓▓▓▓▓▓▓


You could see 5 slime creatures, a boggart, 2 friendly oklob plants and 5
friendly oklob saplings.

Vanquished Creatures
  A slime creature (Zot)
  An orc warrior (Zot)
  A giant frog (Zot)
  A goliath beetle (Zot)
  2 hounds (Zot)
  A worker ant (Zot)
  3 iguanas (Zot)
  2 giant mites (Zot)
  An ooze (Zot)
  An orc (Zot)
  3 giant cockroaches (Zot)
  6 goblins (Zot)
  2 hobgoblins (Zot)
  2 jackals (Zot)
  4 ball pythons (Zot)
  4 bats (Zot)
  A giant newt (Zot)
  5 kobolds (Zot)
  10 rats (Zot)
51 creatures vanquished.

Vanquished Creatures (collateral kills)
  Grinder (Zot)
  A slime creature (Zot)
  A hungry ghost (Zot)
  A warg (Zot)
  A hill giant zombie (Zot)
  A black bear (Zot)
  An ogre (Zot)
  A giant frog (Zot)
  A phantom (Zot)
  A big kobold (Zot)
  A wight (Zot)
  A gnoll shaman (Zot)
  A hound (Zot)
  An elf skeleton (Zot)
  3 worker ants (Zot)
  Terence (Zot)
  A green rat (Zot)
  2 adders (Zot)
  6 gnolls (Zot)
  4 giant mites (Zot)
  2 worms (Zot)
  11 orcs (Zot)
  3 ball pythons (Zot)
  15 bats (Zot)
  3 giant cockroaches (Zot)
  6 hobgoblins (Zot)
  2 jackals (Zot)
  A giant newt (Zot)
  11 giant spores (Zot)
  9 goblins (Zot)
  3 kobolds (Zot)
  10 rats (Zot)
  5 plants (Zot)
112 creatures vanquished.

Vanquished Creatures (others)
  A burning bush (Zot)
  3 oklob saplings (Zot)
  8 orcs (Zot)
  2 hobgoblins (Zot)
  A giant newt (Zot)
  2 giant spores (Zot)
  12 goblins (Zot)
  2 jackals (Zot)
  2 kobolds (Zot)
  A rat (Zot)
  A plant (Zot)
35 creatures vanquished.

Grand Total: 198 creatures vanquished

Notes
Turn   | Place    | Note
--------------------------------------------------------------
     0 | Zot      | UristPineapples, the Formicid Fighter, began the quest for the Orb.
     0 | Zot      | Reached XP level 1. HP: 18/18 MP: 1/1
   236 | Zot      | Reached XP level 2. HP: 24/24 MP: 3/3
   272 | Zot      | Reached XP level 3. HP: 30/30 MP: 4/4
   365 | Zot      | Reached skill level 4 in Fighting
   427 | Zot      | Reached XP level 4. HP: 33/37 MP: 5/5
   519 | Zot      | Reached XP level 5. HP: 37/43 MP: 7/7
   531 | Zot      | Reached XP level 6. HP: 30/50 MP: 8/8
   538 | Zot      | Reached skill level 5 in Fighting
   538 | Zot      | Reached skill level 5 in Axes
   555 | Zot      | Noticed Terence
   555 | Zot      | Reached XP level 7. HP: 41/56 MP: 9/9
   559 | Zot      | Killed Terence
   561 | Zot      | Became a worshipper of Cheibriados the Contemplative
   665 | Zot      | Noticed Heaxasch
   757 | Zot      | Killed Heaxasch the hungry ghost
   757 | Zot      | Reached skill level 6 in Fighting
   757 | Zot      | Reached skill level 5 in Armour
   771 | Zot      | Reached XP level 8. HP: 31/62 MP: 11/11
   868 | Zot      | Reached skill level 7 in Fighting
  1072 | Zot      | Reached skill level 5 in Shields
  1129 | Zot      | Reached XP level 9. HP: 66/70 MP: 12/12
  1164 | Zot      | Noticed Grinder
  1189 | Zot      | Killed Grinder
  1189 | Zot      | Reached skill level 8 in Fighting
  1633 | Zot      | Reached skill level 9 in Fighting
  1633 | Zot      | Reached XP level 10. HP: 74/80 MP: 13/13
  1639 | Zot      | Mangled by a slime creature

Action                   |  1- 3 |  4- 6 |  7- 9 | 10-12 || total
-------------------------+-------+-------+-------+-------++-------
Melee: War axe           |    44 |    43 |    49 |       ||   136
       Battleaxe         |       |       |    22 |     6 ||    28
Invok: Bend Time         |       |       |     1 |       ||     1
 Abil: Make oklob saplin |     1 |     1 |     6 |       ||     8
       Make plant        |       |       |    20 |       ||    20
       Make grenades     |       |       |     5 |       ||     5
       Make altar        |       |       |     1 |       ||     1
       Make net trap     |       |       |    11 |       ||    11
       Make arrow trap   |       |       |    10 |       ||    10
       Make oklob plant  |       |       |     2 |       ||     2
       Make burning bush |       |       |     1 |       ||     1
  Use: Potion            |       |     1 |     1 |       ||     2
 Stab: Distracted        |       |       |     6 |       ||     6
